 Dungeon Crawl Stone Soup version 0.25-a0-597-gb30770a0c0 (webtiles) character file.

Game seed: 5147312194523761287, levelgen mode: deterministic

383 Gynju the Magician (level 6, -2/32 HPs)
             Began as a Deep Elf Conjurer on Mar 15, 2020.
             Slain by an ice beast (9 damage)
             ... on level 3 of the Dungeon.
             The game lasted 00:03:47 (4447 turns).

Gynju the Magician (Deep Elf Conjurer)              Turns: 4447, Time: 00:03:48

Health: -2/32      AC:  4    Str:  7    XL:     6   Next: 47%
Magic:  0/17       EV: 12    Int: 20    God:
Gold:   105        SH:  5    Dex: 15    Spells: 16/17 levels left

rFire    . . .     SeeInvis +   d - +0 long sword
rCold    . . .     Gourm    .   h - +0 buckler (curse)
rNeg     . . .     Faith    .   o - +0 leather armour
rPois    .         Spirit   .   (no helmet)
rElec    .         Reflect  .   r - +0 cloak
rCorr    .         Harm     .   (no gloves)
MR       .....                  (no boots)
Stlth    ++........             (no amulet)
HPRegen  0.10/turn              g - ring of see invisible
MPRegen  0.15/turn              (no ring)

@: very slightly contaminated
A: no striking features
a: no special abilities


You were on level 3 of the Dungeon.
You were very hungry.

You visited 1 branch of the dungeon, and saw 4 of its levels.

You collected 105 gold pieces.

Inventory:

Hand Weapons
 d - a +0 long sword (weapon)
Armour
 h - a cursed +0 buckler (worn)
 o - a +0 leather armour (worn)
 r - a +0 cloak (worn)
Jewellery
 g - a ring of see invisible (left hand)
Scrolls
 e - 3 scrolls of teleportation {unknown}
 j - a scroll of blinking {unknown}
 k - 2 scrolls of enchant armour {unknown}
 l - 3 scrolls of identify {unknown}
 n - a scroll of fog {unknown}
 p - a scroll of noise {unknown}
 q - 3 scrolls of immolation {unknown}
Potions
 b - a potion of lignification {unknown}
 f - a potion of cancellation {unknown}
 i - a potion of ambrosia {unknown}
 m - a potion of brilliance {unknown}
 s - a potion of stabbing {unknown}
Comestibles
 c - 3 rations


   Skills:
 - Level 2.4 Dodging
 - Level 2.4 Stealth
 - Level 4.0 Shields
 + Level 6.3 Spellcasting
 - Level 4.3 Conjurations


You had 16 spell levels left.
You knew the following spells:

 Your Spells              Type           Power        Failure   Level  Hunger
a - Magic Dart            Conj           ###.         2%          1    None

Your spell library contained the following spells:

 Spells                   Type           Power        Failure   Level  Hunger
 Searing Ray              Conj           ###...       3%          2    None
 Dazzling Flash           Conj/Hex       ###...       19%         3    ##.....
 Fulminant Prism          Conj/Hex       ###.......   52%         4    ####...
 Iskenderun's Mystic Bla  Conj/Tloc      ###.....     52%         4    ####...


Dungeon Overview and Level Annotations

Branches:
Dungeon (4/15)
 Temple: D:4-7

Altars:


Message History

Aim: an ice beast (heavily wounded)
The magic dart hits the ice beast.
The ice beast is severely wounded.
The ice beast closely misses you.
You riposte.
You hit the ice beast but do no damage.
The ice beast is heavily wounded.
The orc priest mumbles some strange prayers to Beogh against you.
You struggle to resist.
Casting: Magic Dart (safe; 2% risk of failure)
Confirm with . or Enter, or press ? or * to list all spells.
You don't have enough magic to cast that spell.
Casting: Magic Dart (safe; 2% risk of failure)
Confirm with . or Enter, or press ? or * to list all spells.
You don't have enough magic to cast that spell.
You hit the orc priest.
The orc priest is moderately wounded.
The ice beast hits you.
* * * LOW HITPOINT WARNING * * *
The ice beast freezes you!
You die...

##################
..............oY@#
####.....#######o#
#.###.#.......#
#.# #.#.#######
#.###...#
#...##### #.###
#.# #.#####


You could see an ice beast, an orc priest and an orc.

Vanquished Creatures
  A scorpion (D:4)
  2 orc priests
  A hound (D:4)
  An orc wizard (D:3)
  2 jellies (D:3)
  An iguana (D:3)
  3 gnolls (D:3)
  3 adders
  2 worms (D:2)
  A dart slug (D:2)
  2 leopard geckos (D:3)
  5 orcs (D:3)
  7 bats
  4 giant cockroaches
  7 goblins
  6 hobgoblins
  4 jackals
  4 kobolds
  A quokka (D:3)
  3 frilled lizards
  6 rats
66 creatures vanquished.

Notes
Turn   | Place    | Note
-------+----------+-------------------------------------------
     0 | D:1      | Gynju the Deep Elf Conjurer began the quest for the Orb.
     0 | D:1      | Reached XP level 1. HP: 10/10 MP: 6/6
   526 | D:1      | Reached skill level 4 in Spellcasting
   526 | D:1      | Reached XP level 2. HP: 15/15 MP: 5/9
  1749 | D:2      | Reached XP level 3. HP: 19/19 MP: 9/11
  1861 | D:2      | Reached skill level 1 in Shields
  2491 | D:3      | Reached XP level 4. HP: 7/24 MP: 1/12
  2503 | D:3      | Reached skill level 5 in Spellcasting
  3084 | D:3      | Reached XP level 5. HP: 24/28 MP: 4/14
  4185 | D:4      | Reached skill level 6 in Spellcasting
  4185 | D:4      | Reached XP level 6. HP: 24/32 MP: 2/17
  4431 | D:4      | Noticed an ice beast
  4447 | D:3      | Slain by an ice beast

Levels and vault maps discovered:
D:1:      mrwooster_arrival_statue, layout_basic
D:2:      layout_basic, first_ration
D:3:      layout_basic
D:4:      layout_cave_pools, grunt_gozag_breadcrumbs, serial_forest,
          infiniplex_forest_clump_tiny, infiniplex_forest_lined_room_3,
          infiniplex_forest_clump_C, infiniplex_forest_clump_small,
          infiniplex_forest_zigzag_1

Skill      XL: |  1  2  3  4  5  6 |
---------------+-------------------+-----
Spellcasting   | 4 5 6 |  6.3
Shields        | 1 2 3 4 |  4.0
Dodging        | |  2.4
Stealth        | |  2.4
Conjurations   | |  4.3

Action                   |  1- 3 |  4- 6 || total
-------------------------+-------+-------++-------
Melee: Long sword        |       |     2 ||     2
 Cast: Magic Dart        |    80 |   133 ||   213
  Eat: Chunk             |     4 |     5 ||     9
Armor: Robe              |     1 |     3 ||     4
       Leather armour    |       |     9 ||     9
Dodge: Dodged            |     2 |    28 ||    30
Block: Buckler           |       |     9 ||     9
       Rpst.: Long sword |       |     9 ||     9

Table legend:
 A = Non-vault XP
 B = Vault XP
 C = Vault XP percentage of total XP
 D = Non-vault monster count
 E = Vault monster count
 F = Vault count percentage of total count
                 A         B        C        D         E       F
            +---------+---------+-------+---------+---------+-------
      Total |     548 |       0 |   0.0 |      66 |       0 |   0.0
            +---------+---------+-------+---------+---------+-------
        D:1 |      22 |       0 |   0.0 |      14 |       0 |   0.0
        D:2 |      36 |       0 |   0.0 |      16 |       0 |   0.0
        D:3 |     307 |       0 |   0.0 |      31 |       0 |   0.0
        D:4 |     183 |       0 |   0.0 |       5 |       0 |   0.0
            +---------+---------+-------+---------+---------+-------
